 Dungeon Crawl Stone Soup version 0.24.0-123-gd5b16e6ec5 (webtiles) character file.

Game seed: 4752987563489000439, levelgen mode: deterministic

105 vurker the Quickloader (level 4, 0/38 HPs)
             Began as a Gnoll Hunter on Jan 28, 2020.
             Slain by a gnoll
             ... wielding a +0 whip
              (5 damage)
             ... on level 2 of the Dungeon.
             The game lasted 00:03:15 (1957 turns).

vurker the Quickloader (Gnoll Hunter)               Turns: 1957, Time: 00:03:15

Health: 0/38       AC:  3    Str: 16    XL:     4   Next: 81%
Magic:  5/5        EV: 14    Int: 13    God:
Gold:   111        SH:  4    Dex: 15    Spells: 5/5 levels left

rFire    . . .     SeeInvis +   b - +0 dagger (venom)
rCold    . . .     Gourm    .   i - +0 buckler
rNeg     . . .     Faith    .   c - +0 leather armour
rPois    .         Spirit   .   (no helmet)
rElec    .         Reflect  .   (no cloak)
rCorr    .         Harm     .   (no gloves)
MR       .....                  (no boots)
Stlth    ++........             (no amulet)
HPRegen  0.12/turn              k - ring of see invisible
MPRegen  0.09/turn              (no ring)

@: no status effects
A: distributed training, fangs 1, strong nose
a: no special abilities


You were on level 2 of the Dungeon.
You were not hungry.

You visited 1 branch of the dungeon, and saw 2 of its levels.

You collected 111 gold pieces.

Inventory:

Hand Weapons
 a - a +1 hand crossbow
 b - a +0 dagger of venom (weapon)
   (You took it off a kobold on level 2 of the Dungeon)
Missiles
 d - 39 bolts
Armour
 c - a +0 leather armour (worn)
 i - a +0 buckler (worn)
   (You found it on level 2 of the Dungeon)
Jewellery
 k - a ring of see invisible (left hand)
   (You found it on level 1 of the Dungeon)
 m - an uncursed ring of ice
   (You found it on level 1 of the Dungeon)
Scrolls
 g - a scroll of teleportation
 l - a scroll of identify
 n - a scroll of remove curse
 p - a scroll of amnesia {unknown}
Potions
 f - 2 potions of curing {unknown}
 h - a potion of mutation {unknown}
 j - 4 potions of heal wounds
Comestibles
 e - 4 rations
 o - 3 chunks of flesh


   Skills:
 + Level 4.7 Fighting
 + Level 1.2 Short Blades
 + Level 1.2 Long Blades
 + Level 1.2 Axes
 + Level 1.2 Maces & Flails
 + Level 1.2 Polearms
 + Level 1.2 Staves
 + Level 1.2 Slings
 + Level 1.2 Bows
 + Level 8.6 Crossbows
 + Level 1.2 Throwing
 + Level 1.2 Armour
 + Level 4.7 Dodging
 + Level 2.6 Stealth
 + Level 1.2 Shields
 + Level 1.2 Unarmed Combat
 + Level 1.2 Spellcasting
 + Level 1.0 Conjurations
 + Level 1.0 Hexes
 + Level 1.0 Charms
 + Level 1.0 Summonings
 + Level 1.0 Necromancy
 + Level 1.0 Translocations
 + Level 1.0 Transmutations
 + Level 1.0 Fire Magic
 + Level 1.0 Ice Magic
 + Level 1.0 Air Magic
 + Level 1.0 Earth Magic
 + Level 1.0 Poison Magic
 + Level 1.3 Invocations
 + Level 1.2 Evocations


You had 5 spell levels left.
You didn't know any spells.
Your spell library was empty.

Dungeon Overview and Level Annotations

Branches:
Dungeon (2/15)

Altars:


Innate Abilities, Weirdness & Mutations

Your experience applies equally to all skills.
You have very sharp teeth.
Your uncanny sense of smell can sniff out nearby items.


Message History

Your Charms skill increases to level 1!
Your Summonings skill increases to level 1!
Your Necromancy skill increases to level 1!
Your Translocations skill increases to level 1!
Your Transmutations skill increases to level 1!
Your Fire Magic skill increases to level 1!
Your Ice Magic skill increases to level 1!
Your Air Magic skill increases to level 1!
Your Earth Magic skill increases to level 1!
Your Poison Magic skill increases to level 1!
The gnoll hits you from afar with a +0 spear.
Unknown command.
Unknown command.
Unknown command.
Unknown command.
Unknown command.
Unknown command.
Unknown command.
Unknown command.
Unknown command.
Unknown command.
The gnoll hits you but does no damage.
Items here: ) ††† a +0 club; a jackal corpse x3
You barely miss the gnoll. You bite the gnoll, but do no damage.
You block the gnoll's attack.
You hit the gnoll but do no damage.
The gnoll is poisoned.
The gnoll barely misses you.
You closely miss the gnoll. You block the gnoll's attack.
You hit the gnoll but do no damage. The gnoll hits you with a +0 spear.
You hit the gnoll but do no damage.
The gnoll looks as sick as possible!
Your bite misses the gnoll. The gnoll barely misses you.
You hit the gnoll but do no damage.
The gnoll looks as sick as possible!
You block the gnoll's attack.
You hit the gnoll.
The gnoll looks as sick as possible!
You bite the gnoll. The gnoll hits you with a +0 spear!
* * * LOW HITPOINT WARNING * * *
The gnoll shouts!
You barely miss the gnoll. The gnoll closely misses you.
Unknown command.
You kill the gnoll!
You closely miss the gnoll. The gnoll hits you with a +0 whip!
* * * LOW HITPOINT WARNING * * *
You closely miss the gnoll. You block the gnoll's attack.
You hit the gnoll but do no damage. The gnoll completely misses you.
You barely miss the gnoll. The gnoll completely misses you.
You barely miss the gnoll. You bite the gnoll, but do no damage.
The gnoll hits you but does no damage.
You barely miss the gnoll. The gnoll hits you with a +0 whip.
You die...

.#####..#..# ........#..# .
#######....# .. ......##...#
##########... ......##...#
#............ ......#....#
#)#..........
......#....#####)#..........
......#.......##g#...$......
...........##.##@#...g......
..........>##.##.#..h.......
...........##....#..........
...........#######.....g....
............. #..........
..........###. ...........
..........# . #...........
..........# ########


You could see a gnoll.

Vanquished Creatures
  3 gnolls (D:2)
  An ooze (D:2)
  2 worms (D:2)
  3 dart slugs (D:1)
  2 leopard geckos (D:1)
  A ball python (D:1)
  5 bats
  2 giant cockroaches
  6 goblins
  6 hobgoblins
  5 jackals
  2 quokkas (D:2)
  4 frilled lizards
  7 kobolds
  4 rats
53 creatures vanquished.

Notes
Turn   | Place    | Note
-------+----------+-------------------------------------------
     0 | D:1      | vurker the Gnoll Hunter began the quest for the Orb.
     0 | D:1      | Reached XP level 1. HP: 20/20 MP: 1/1
   152 | D:1      | Reached XP level 2. HP: 19/26 MP: 2/2
   560 | D:1      | Reached XP level 3. HP: 27/31 MP: 3/3
  1233 | D:2      | Reached skill level 1 in Invocations
  1557 | D:2      | Reached skill level 1 in Short Blades
  1557 | D:2      | Reached skill level 1 in Long Blades
  1557 | D:2      | Reached skill level 1 in Axes
  1557 | D:2      | Reached skill level 1 in Maces & Flails
  1557 | D:2      | Reached skill level 1 in Polearms
  1557 | D:2      | Reached skill level 1 in Staves
  1557 | D:2      | Reached skill level 1 in Slings
  1557 | D:2      | Reached skill level 1 in Bows
  1557 | D:2      | Reached skill level 1 in Throwing
  1557 | D:2      | Reached skill level 1 in Armour
  1557 | D:2      | Reached skill level 1 in Shields
  1557 | D:2      | Reached skill level 1 in Unarmed Combat
  1557 | D:2      | Reached skill level 1 in Spellcasting
  1557 | D:2      | Reached skill level 1 in Evocations
  1673 | D:2      | Reached XP level 4. HP: 38/38 MP: 5/5
  1939 | D:2      | Reached skill level 1 in Conjurations
  1939 | D:2      | Reached skill level 1 in Hexes
  1939 | D:2      | Reached skill level 1 in Charms
  1939 | D:2      | Reached skill level 1 in Summonings
  1939 | D:2      | Reached skill level 1 in Necromancy
  1939 | D:2      | Reached skill level 1 in Translocations
  1939 | D:2      | Reached skill level 1 in Transmutations
  1939 | D:2      | Reached skill level 1 in Fire Magic
  1939 | D:2      | Reached skill level 1 in Ice Magic
  1939 | D:2      | Reached skill level 1 in Air Magic
  1939 | D:2      | Reached skill level 1 in Earth Magic
  1939 | D:2      | Reached skill level 1 in Poison Magic
  1957 | D:2      | Slain by a gnoll

Levels and vault maps discovered:
D:1:      dpeg_arrival_refuge, layout_basic, minmay_vboxes
D:2:      layout_basic, first_ration, minmay_hedge_maze

Skill      XL: |  1  2  3  4 |
---------------+-------------+-----
Invocations    | 1 |  1.3
Short Blades   | 1 |  1.2
Long Blades    | 1 |  1.2
Axes           | 1 |  1.2
Maces & Flails | 1 |  1.2
Polearms       | 1 |  1.2
Staves         | 1 |  1.2
Slings         | 1 |  1.2
Bows           | 1 |  1.2
Throwing       | 1 |  1.2
Armour         | 1 |  1.2
Shields        | 1 |  1.2
Unarmed Combat | 1 |  1.2
Spellcasting   | 1 |  1.2
Evocations     | 1 |  1.2
Conjurations   | 1 |  1.0
Hexes          | 1 |  1.0
Charms         | 1 |  1.0
Summonings     | 1 |  1.0
Necromancy     | 1 |  1.0
Translocations | 1 |  1.0
Transmutations | 1 |  1.0
Fire Magic     | 1 |  1.0
Ice Magic      | 1 |  1.0
Air Magic      | 1 |  1.0
Earth Magic    | 1 |  1.0
Poison Magic   | 1 |  1.0
Fighting       | |  4.7
Crossbows      | |  8.6
Dodging        | |  4.7
Stealth        | |  2.6

Action                   |  1- 3 |  4- 6 || total
-------------------------+-------+-------++-------
Melee: Short sword       |    89 |       ||    89
       Bite              |    11 |    10 ||    21
       Punch             |     2 |       ||     2
       Dagger            |    22 |    61 ||    83
 Fire: Hand crossbow     |    21 |       ||    21
  Use: Scroll            |     3 |       ||     3
 Stab: Sleeping          |     4 |       ||     4
       Distracted        |     1 |       ||     1
  Eat: Chunk             |     2 |     1 ||     3
Armor: Leather armour    |    16 |     5 ||    21
Dodge: Dodged            |    81 |    50 ||   131
Block: Buckler           |     1 |    15 ||    16
